 Dungeon Crawl Stone Soup version 0.19.1 (webtiles) character file.

205 markt42 the Conjurer (level 5, -2/28 HPs)
             Began as a Deep Elf Conjurer on Dec 14, 2016.
             Slain by an orc
             ... wielding a +0 dagger
              (3 damage)
             ... on level 4 of the Dungeon.
             The game lasted 00:04:10 (2613 turns).

markt42 the Conjurer (Deep Elf Conjurer)            Turns: 2613, Time: 00:04:11

Health: -2/28      AC:  2    Str:  5    XL:     5   Next: 52%
Magic:  1/14       EV: 13    Int: 21    God:
Gold:   166        SH:  0    Dex: 15    Spells: 4 memorised, 0 levels left

rFire  . . .     SeeInvis .     (no weapon)
rCold  . . .     Gourm    .     a - +0 robe
rNeg   . . .     Faith    .     (no shield)
rPois  .         Spirit   .     (no helmet)
rElec  .         Reflect  .     (no cloak)
rCorr  .         Harm     .     (no gloves)
MR     .....                    (no boots)
Stlth  ++........               (no amulet)
                                (no ring)
                                (no ring)

@: very slightly contaminated
A: no striking features
a: no special abilities


You were on level 4 of the Dungeon.
You were not hungry.

You visited 1 branch of the dungeon, and saw 4 of its levels.

You collected 166 gold pieces.

Inventory:

Armour
 a - a +0 robe (worn)
Wands
 f - a wand of flame (18/48)
 o - a wand of random effects (11/48)
Scrolls
 n - a scroll of magic mapping
Potions
 e - a potion of heal wounds {unknown}
 g - a potion of haste {unknown}
 h - a potion of resistance {unknown}
 j - a potion of might {unknown}
 k - a potion of ambrosia {unknown}
 p - a potion of curing {unknown}
Books
 b - a book of Conjurations

   Spells                             Type                      Level
   a - Magic Dart                     Conjuration                  1
   b - Searing Ray                    Conjuration                  2
   c - Dazzling Spray                 Conjuration/Hexes            3
   d - Fulminant Prism                Conjuration/Hexes            4
   e - Iskenderun's Mystic Blast      Conjuration                  4
   f - Iskenderun's Battlesphere      Conjuration/Charms           5
Comestibles
 c - 3 bread rations
 d - a beef jerky
 i - a meat ration
 l - 2 slices of pizza
 m - 3 fruits


   Skills:
 + Level 2.8 Dodging
 + Level 2.8 Stealth
 * Level 4.6 Spellcasting
 + Level 6.6 Conjurations


You couldn't memorise any spells.
You knew the following spells:

 Your Spells              Type           Power        Failure   Level  Hunger
a - Magic Dart            Conj           ####         1%          1    None
b - Dazzling Spray        Conj/Hex       ###...       12%         3    ##.....
c - Iskenderun's Battles  Conj/Chrm      ###.....     87%         5    ######.
d - Iskenderun's Mystic   Conj           ####....     10%         4    ####...


Dungeon Overview and Level Annotations

Branches:
Dungeon (4/15)
 Temple: D:4-7

Altars:
Cheibriados
Uskayaw

Annotations:
D:3 Sigmund


Message History

The orc misses you. The orc hits you with a dagger.
* * * LOW HITPOINT WARNING * * *
The orc hits you but does no damage.
Casting: Magic Dart
Confirm with . or Enter, or press ? or * to list all spells.
Aiming: Magic Dart
Press: ? - help, Shift-Dir - straight line, f - orc
Aim: an orc, wielding a dagger and wearing a leather armour The magic dart hits the orc.
The orc is moderately wounded.
The orc shouts!
The orc misses you. The orc misses you. The orc hits you with a dagger.
* * * LOW HITPOINT WARNING * * *
The orc barely misses you. The orc misses you. The orc hits you with a dagger.
You die...

### #@##
##o#### #o##.#
#o..##
#########...#
###...........#
#......o...##.#
#####..######.#
#..#....## ##


You could see 3 orcs.

Vanquished Creatures
  A necrophage (D:3)
  6 adders (D:2)
  2 worms (D:2)
  2 leopard geckos
  2 orcs (D:4)
  7 bats
  5 giant cockroaches
  5 goblins
  3 hobgoblins
  3 jackals (D:2)
  5 kobolds
  A quokka (D:2)
  A ball python (D:3)
  8 frilled lizards
  4 rats
55 creatures vanquished.

Notes
Turn   | Place    | Note
-------+----------+-------------------------------------------
     0 | D:1      | markt42 the Deep Elf Conjurer began the quest for the Orb.
     0 | D:1      | Reached XP level 1. HP: 10/10 MP: 6/6
   360 | D:1      | Reached XP level 2. HP: 15/15 MP: 6/8
   641 | D:2      | Reached skill level 5 in Conjurations
   971 | D:2      | Reached XP level 3. HP: 19/19 MP: 3/9
  1202 | D:2      | Found a snail-covered altar of Cheibriados.
  1211 | D:2      | Found a hide-covered altar of Uskayaw.
  1663 | D:2      | Reached XP level 4. HP: 24/24 MP: 5/11
  2076 | D:2      | Reached skill level 6 in Conjurations
  2334 | D:3      | Noticed a necrophage
  2341 | D:3      | Killed a necrophage
  2341 | D:3      | Reached XP level 5. HP: 27/28 MP: 4/13
  2409 | D:3      | Learned a level 3 spell: Dazzling Spray
  2415 | D:3      | Learned a level 5 spell: Iskenderun's Battlesphere
  2420 | D:3      | Learned a level 4 spell: Iskenderun's Mystic Blast
  2560 | D:3      | Noticed Sigmund
  2606 | D:4      | HP: 1/28 [orc/dagger (4)]
  2613 | D:4      | Slain by an orc

Skill      XL: |  1  2  3  4 |
---------------+-------------+-----
Conjurations   | 5 6 |  6.6
Spellcasting   | 4 |  4.6
Dodging        | |  2.8
Stealth        | |  2.8

Action                   |  1- 3 |  4- 6 || total
-------------------------+-------+-------++-------
Melee: Unarmed           |       |     3 ||     3
 Cast: Magic Dart        |    68 |    46 ||   114
       Iskenderun's Myst |       |     1 ||     1
       Dazzling Spray    |       |     1 ||     1
  Use: Scroll            |       |     4 ||     4
  Eat: Chunk             |     2 |     1 ||     3
       Bread ration      |       |     1 ||     1
Armor: Robe              |     3 |     1 ||     4
Dodge: Dodged            |     6 |    13 ||    19
